AoeStats
← Rana1625

Black Forest

508326760Analyzed
4v4 RM · 10d ago on Sep 21, 2026· 55m 27s· 8 players
Game mode
Random Map
Map size
Large (8 player)
Population
200
Speed
Normal
Resources
Standard
Victory
Conquest
Starting age
Dark Age
Ending age
Imperial Age
RankedLock teamsTeams togetherTeam positionsShared explorationLock speedFull tech treeHidden civsTurbo modeCheats
Victory
Defeat
🇺🇸 Malay · United States
1104
+11
🇲🇽 Magyars · Mexico
1016
+15
🇺🇸 Bulgarians · United States
980
+16
🇺🇸 Khmer · United States
737
+26
🇺🇸 Bulgarians · United States
1079
-21
🇦🇷 Berbers · Argentina
1053
-20
🇦🇷 Vietnamese · Argentina
913
-14
🇨🇱 Byzantines · Chile
885
-13
Chef_boyar_dee
0:52 Loom
13:13 Feudal Age
17:18 Castle Age
16:07 Horse Collar
16:25 Double-Bit Axe
19:35 Bow Saw
22:33 Fishing Lines
27:46 Heavy Plow
32:20 Imperial Age
30:55 Scale Mail Armor
31:06 Forging
31:13 Arson
31:28 Squires
31:14 Gambesons
32:22 Wheelbarrow
32:13 Pikeman
32:30 Onager
34:01 Chain Mail Armor
34:22 Iron Casting
33:13 Capped Ram
34:37 Hand Cart
35:01 Plate Mail Armor
34:05 Siege Ram
35:11 Gold Mining
34:59 Halberdier
36:17 Conscription
36:02 Bagains
37:16 Siege Onager
46:20 Town Watch
47:38 Blast Furnace
46:29 Fletching
51:10 Scale Barding Armor
52:52 Caravan
53:23 Coinage
The Slayer
1:22 Loom
13:32 Feudal Age
14:05 Horse Collar
14:12 Double-Bit Axe
17:19 Wheelbarrow
20:55 Stone Mining
25:42 Gold Mining
29:37 Castle Age
30:42 Heavy Plow
30:59 Pikeman
35:08 Hand Cart
35:07 Bow Saw
37:07 Gold Shaft Mining
39:38 Forging
39:28 Scale Mail Armor
41:34 Iron Casting
41:15 Chain Mail Armor
44:40 Imperial Age
42:41 Fletching
43:03 Scale Barding Armor
44:07 Stone Shaft Mining
44:57 Halberdier
45:03 Halberdier
45:46 Husbandry
45:57 Bloodlines
45:29 Elite Battle Elephant
50:53 Tusk Swords
51:16 Conscription
51:31 Hoardings
54:49 Chain Barding Armor
I Never Resign
10:25 Loom
12:34 Feudal Age
13:51 Horse Collar
13:57 Double-Bit Axe
20:12 Castle Age
20:35 Scale Barding Armor
21:20 Forging
23:59 Husbandry
28:08 Iron Casting
39:45 Wheelbarrow
44:20 Imperial Age
42:49 Heavy Plow
43:02 Bow Saw
43:56 Hand Cart
43:18 Man-at-Arms
43:59 Squires
43:44 Arson
44:05 Long Swordsman
44:49 Forced Levy
45:10 Conscription
44:48 Two-Handed Swordsman
46:38 Blast Furnace
Lynnage4518
0:27 Loom
17:03 Feudal Age
18:26 Wheelbarrow
17:33 Horse Collar
17:45 Town Watch
17:46 Double-Bit Axe
17:57 Gold Mining
26:10 Stone Mining
28:50 Castle Age
27:18 Bloodlines
27:15 Scale Barding Armor
28:06 Scale Mail Armor
30:40 Bow Saw
30:32 Heavy Plow
30:50 Hand Cart
32:23 Corvinian Army
32:48 Chain Barding Armor
33:07 Fletching
34:20 Husbandry
37:08 Coinage
36:40 Caravan
38:58 Gold Shaft Mining
39:39 Town Patrol
40:58 Chain Mail Armor
40:08 Pikeman
40:09 Man-at-Arms
40:34 Arson
45:26 Imperial Age
42:39 Treadmill Crane
43:20 Ballistics
42:56 Long Swordsman
44:03 Devotion
46:42 Plate Barding Armor
46:30 Conscription
45:39 Onager
47:25 Chemistry
46:11 Halberdier
46:12 Two-Handed Swordsman
47:03 Bodkin Arrow
48:47 Elite Magyar Huszar
50:29 Banking
50:05 Siege Engineers
49:55 Murder Holes
50:11 Masonry
50:47 Crop Rotation
51:18 Two-Man Saw
Deilos
9:17 Loom
11:05 Feudal Age
15:07 Castle Age
13:27 Double-Bit Axe
14:44 Horse Collar
16:03 Bow Saw
16:16 Gold Mining
23:17 Fletching
24:08 Murder Holes
25:05 Bodkin Arrow
27:02 Wheelbarrow
28:25 Ballistics
33:51 Imperial Age
32:17 Caravan
32:31 Stone Mining
35:52 Chemistry
39:19 Hand Cart
39:36 Heavy Plow
41:12 Bracer
43:23 Conscription
43:10 Kasbah
42:57 Onager
44:47 Padded Archer Armor
46:40 Gold Shaft Mining
45:36 Elite Camel Archer
47:07 Town Watch
47:39 Leather Archer Armor
47:31 Scale Barding Armor
47:36 Forging
51:34 Ring Archer Armor
51:25 Chain Barding Armor
Quack Y Attack
9:52 Loom
12:30 Feudal Age
13:07 Double-Bit Axe
13:05 Horse Collar
24:52 Castle Age
23:30 Scale Mail Armor
26:19 Bow Saw
26:05 Gold Mining
26:24 Heavy Plow
25:58 Pikeman
26:40 Squires
26:30 Gambesons
27:08 Chain Mail Armor
27:03 Forging
29:16 Iron Casting
32:48 Stone Mining
34:00 Fletching
35:10 Wheelbarrow
37:15 Imperial Age
35:20 Bodkin Arrow
38:41 Plate Mail Armor
37:33 Halberdier
39:38 Hand Cart
40:42 Blast Furnace
41:07 Bagains
41:27 Conscription
46:08 Town Watch
46:29 Bracer
45:51 Elite Konnik
46:40 Scale Barding Armor
48:15 Town Patrol
48:22 Caravan
Rana1625
0:57 Loom
15:54 Feudal Age
21:01 Castle Age
19:48 Double-Bit Axe
19:51 Horse Collar
21:01 Gold Mining
21:04 Stone Mining
23:48 Stone Shaft Mining
23:55 Ballistics
23:55 Town Watch
27:19 Wheelbarrow
27:49 Heavy Plow
28:36 Chatras
28:26 Treadmill Crane
29:43 Bow Saw
31:17 Hand Cart
32:18 Fortified Wall
32:04 Murder Holes
32:33 Forging
32:25 Padded Archer Armor
37:21 Imperial Age
35:03 Scale Mail Armor
36:08 Husbandry
36:25 Bloodlines
37:13 Iron Casting
36:29 Fletching
36:55 Leather Archer Armor
37:39 Scale Barding Armor
38:28 Elite Fire Lancer
39:48 Chain Barding Armor
39:24 Bodkin Arrow
42:27 Cavalier
44:28 Chain Mail Armor
44:49 Plate Barding Armor
44:15 Bracer
46:18 Plate Mail Armor
49:56 Squires
49:19 Pikeman
49:47 Arson
51:50 Halberdier
SSC LyonM
8:40 Loom
10:27 Feudal Age
8:43 Loom
13:39 Double-Bit Axe
19:06 Castle Age
20:10 Bow Saw
20:04 Husbandry
19:26 Light Cavalry
25:28 Wheelbarrow
27:07 Hand Cart
30:02 Scale Barding Armor
30:07 Forging
31:12 Caravan
31:43 Coinage
33:00 Chain Barding Armor
34:10 Iron Casting
38:04 Imperial Age
36:33 Fletching
37:36 Man-at-Arms
38:02 Arson
38:18 Squires
38:13 Cavalier
39:35 Guilds
39:59 Banking
41:02 Plate Barding Armor
40:30 Scale Mail Armor
40:31 Long Swordsman
40:57 Gambesons
41:03 Paladin
42:59 Chemistry
42:20 Ballistics
43:28 Fortified Wall
42:58 Treadmill Crane
43:17 Murder Holes
42:51 Two-Handed Swordsman
44:08 Paladin
48:00 Hussar
50:28 Conscription
50:45 Hoardings
50:17 Onager
53:53 Logistica
Connection lost

Rejoining the realm…

Still unreachable

The connection could not be restored.

Session expired

The server has moved on; the page needs a fresh start.